 Dungeon Crawl Stone Soup version 0.22-a0-248-gc8378ba (webtiles) character file.

7 sankara the Charmwright (level 2, 0/24 HPs)
             Began as a Ghoul Skald on Feb 28, 2018.
             Slain by a leopard gecko (4 damage)
             ... on level 1 of the Dungeon.
             The game lasted 00:02:09 (319 turns).

sankara the Charmwright (Ghoul Skald)                Turns: 319, Time: 00:02:09

Health: 0/24       AC:  3    Str: 14    XL:     2   Next: 0%
Magic:  1/3        EV: 11    Int:  8    God:
Gold:   26         SH:  0    Dex:  8    Spells: 3/4 levels left

rFire    . . .     SeeInvis .   h - +0 whip
rCold    + . .     Gourm    .   (no shield)
rNeg     + + +     Faith    .   b - +0 leather armour
rPois    ∞         Spirit   .   (no helmet)
rElec    .         Reflect  .   (no cloak)
rCorr    .         Harm     .   (no gloves)
MR       .....                  (no boots)
Stlth    +.........             (no amulet)
HPRegen  0.00/turn              (no ring)
MPRegen  0.08/turn              (no ring)

@: rotting
A: rotting body, claws 1, carnivore, cold resistance 1, negative energy
resistance 3, inhibited regeneration, torment resistance, unbreathing
a: no special abilities


You were on level 1 of the Dungeon.
You were not hungry.

You visited 1 branch of the dungeon, and saw 1 of its levels.

You collected 26 gold pieces.

Inventory:

Hand Weapons
 h - a +0 whip (weapon)
   (You took it off a kobold on level 1 of the Dungeon)
Missiles
 f - 12 stones (quivered)
Armour
 b - a +0 leather armour (worn)
Scrolls
 d - a scroll of identify {unknown}
 e - a scroll of enchant armour {unknown}
Comestibles
 c - a ration


   Skills:
 - Level 2.1 Fighting
 * Level 2.1 Maces & Flails
 - Level 0.8 Armour
 - Level 1.7 Dodging
 + Level 1.9 Spellcasting
 + Level 2.8 Charms


You had 3 spell levels left.
You knew the following spells:

 Your Spells              Type           Power        Failure   Level  Hunger
a - Infusion              Chrm           #...         14%         1    ##.....


Dungeon Overview and Level Annotations

Branches:
Dungeon (1/15)

Altars:


Innate Abilities, Weirdness & Mutations

Your body is rotting away.
You thrive on raw meat.
You are immune to poison.
You have sharp fingernails.
You are carnivorous and can eat meat at any time.
Your flesh is cold resistant. (rC+)
You are immune to negative energy. (rN+++)
You do not regenerate when monsters are visible.
You are immune to unholy pain and torment.
You can survive without breathing.


Message History

This raw flesh tastes great!
Okay, then.
You start resting.
You are no longer magically infusing your attacks.
You start resting.
Magic restored.
HP restored.
A bat comes into view.
The bat hits you but does no damage.
Casting: Infusion (safe; 14% risk of failure)
Confirm with . or Enter, or press ? or * to list all spells.
You begin infusing your attacks with magical energy.
The bat barely misses you.
No target in view!
No target in view!
No target in view!
The bat is too close now for your liking.
You hit the bat!
You kill the bat!
Your Maces & Flails skill increases to level 2!
Unknown command.
You start resting.
Your magical infusion is running out.
Unknown command.
You start resting.
You are no longer magically infusing your attacks.
You start resting.
Magic restored.
Okay, then.
A giant cockroach comes into view.
Casting: Infusion (safe; 14% risk of failure)
Confirm with . or Enter, or press ? or * to list all spells.
You begin infusing your attacks with magical energy.
A goblin comes into view. It is wielding a club.
The goblin shouts!
A bat comes into view.
You hit the giant cockroach.
You kill the giant cockroach!
A goblin comes into view.
You barely miss the bat.
The goblin shouts!
The bat completely misses you.
You hit the goblin but do no damage. The bat hits you but does no damage.
The bat misses you. The goblin closely misses you.
You hit the bat.
The bat is moderately wounded.
The bat hits you but does no damage. x2
You closely miss the bat.
The bat is moderately wounded.
The bat closely misses you. The goblin hits you with a club.
You hit the goblin.
The goblin is heavily wounded.
Your magical infusion is running out.
The goblin hits you but does no damage. The bat hits you but does no damage.
A leopard gecko comes into view.
You closely miss the goblin.
The goblin is heavily wounded.
The leopard gecko hisses angrily.
The bat barely misses you. The goblin closely misses you.
You barely miss the goblin.
The goblin is heavily wounded.
The bat hits you. The goblin barely misses you.
The goblin hits you but does no damage.
You barely miss the goblin.
The goblin is heavily wounded.
The bat barely misses you. The goblin hits you.
The goblin completely misses you.
You barely miss the goblin.
The goblin is heavily wounded.
The goblin barely misses you. x2; The bat hits you but does no damage.
You closely miss the goblin.
The goblin is heavily wounded.
The bat barely misses you. The goblin barely misses you.
The goblin hits you but does no damage.
You closely miss the goblin.
The goblin is heavily wounded.
You are no longer magically infusing your attacks.
The bat barely misses you. The goblin hits you.
The goblin hits you with a club.
You are too injured to fight recklessly!
Okay, then.
You hit the goblin.
You kill the goblin!
You have reached level 2!
The bat closely misses you. The goblin closely misses you.
The leopard gecko bites you.
* * * LOW HITPOINT WARNING * * *
You closely miss the leopard gecko. The bat hits you.
* * * LOW HITPOINT WARNING * * *
The goblin barely misses you. The leopard gecko barely misses you.
Casting: Infusion (safe; 14% risk of failure)
Confirm with . or Enter, or press ? or * to list all spells.
Okay, then.
You aren't carrying any potions.
Okay, then.
You closely miss the leopard gecko. The bat hits you but does no damage.
The goblin hits you.
* * * LOW HITPOINT WARNING * * *
The leopard gecko bites you.
You die...

#..#..##.# .###
#...).##.#.#####...
#......#.# ..#...#
##[..#.#.# #.#...# .
#...#...###.....#####..
##.....................
#.....................
#..............l......
#............b@).$....
................g%.....
##.....................
......................
#.....................
...................
......)...........
.................


You could see a leopard gecko, a goblin and a bat.

Vanquished Creatures
  A giant cockroach (D:1)
  A goblin (D:1)
  A hobgoblin (D:1)
  A bat (D:1)
  2 kobolds (D:1)
6 creatures vanquished.

Notes
Turn   | Place    | Note
-------+----------+-------------------------------------------
     0 | D:1      | sankara the Ghoul Skald began the quest for the Orb.
     0 | D:1      | Reached XP level 1. HP: 17/17 MP: 2/2
   277 | D:1      | Reached skill level 2 in Maces & Flails
   317 | D:1      | Reached XP level 2. HP: 9/24 MP: 1/3
   317 | D:1      | HP: 6/24 [leopard gecko (3)]
   319 | D:1      | Slain by a leopard gecko

Vault maps used:
D:1:      elethiomel_arrival_quiet, wad_floor_pattern_2

Skill      XL: |  1 |
---------------+----+-----
Maces & Flails | 2 |  2.1
Fighting       | |  2.1
Armour         | |  0.8
Dodging        | |  1.7
Spellcasting   | |  1.9
Charms         | |  2.8

Action                   || total
-------------------------++-------
Melee: Whip              ||    26
       Mace              ||     4
 Cast: Infusion          ||     4
  Eat: Chunk             ||     3
Armor: Leather armour    ||    11
Dodge: Dodged            ||    29

Table legend:
 A = Spawn XP
 B = Non-spawn XP
 C = Spawn XP percentage of total XP
 D = Spawn monster count
 E = Non-spawn monster count
 F = Spawn count percentage of total count
 G = Total turns spent on level
                    A         B        C        D         E        F      G
               +---------+---------+-------+---------+---------+-------+---------
         Total |       0 |      10 |   0.0 |       0 |       6 |   0.0 |   319
               +---------+---------+-------+---------+---------+-------+---------
           D:1 |       0 |      10 |   0.0 |       0 |       6 |   0.0 |   319
               +---------+---------+-------+---------+---------+-------+---------

Vault maps used:
D:1:      elethiomel_arrival_quiet, wad_floor_pattern_2

Table legend:
 A = Turns spent in this place as a percentage of turns spent in the entire game.
 B = Non-inter-level travel turns spent in this place as a percentage of non-inter-level travel turns spent in the entire game.
 C = Inter-level travel turns spent in this place as a percentage of turns spent in this place.
 D = Turns resting spent in this place as a percentage of non-inter-level travel turns spent in this place.
 E = Turns spent auto-exploring this place as a percentage of non-inter-level travel turns spent in this place.
 F = Non-inter-level travel turns spent in this place divided by the number of levels of this place that you've seen.
                   A       B       C       D       E      F
               +-------+-------+-------+-------+-------+----------------------
         Total | 100.0 | 100.0 |   0.0 |  22.9 |  58.0 | 319.0
       Dungeon | 100.0 | 100.0 |   0.0 |  22.9 |  58.0 | 319.0
               +-------+-------+-------+-------+-------+----------------------

Table legend:
 A = Kills in this place as a percentage of kills in entire the game.
 B = Kills by you in this place as a percentage of kills by you in the entire game.
 C = Kills by friends in this place as a percentage of kills by friends in the entire game.
 D = Other kills in this place as a percentage of other kills in the entire game.
 E = Experience gained in this place as a percentage of experience gained in the entire game.
 F = Experience gained in this place divided by the number of levels of this place that you have seen.
                   A       B       C       D       E      F
               +-------+-------+-------+-------+-------+----------------------
         Total | 100.0 | 100.0 |   N/A |   N/A | 100.0 |  10.0
       Dungeon | 100.0 | 100.0 |   N/A |   N/A | 100.0 |  10.0
               +-------+-------+-------+-------+-------+----------------------
